 Dungeon Crawl Stone Soup version 0.20.1-1-g8b1a95d (webtiles) character file.

87 Monsterracer the Sneak (level 4, -1/30 HPs)
             Began as a Vampire Enchanter on Aug 12, 2017.
             Slain by an ogre
             ... wielding a cursed -3 giant club
              (30 damage)
             ... on level 3 of the Dungeon.
             The game lasted 00:05:25 (2033 turns).

Monsterracer the Sneak (Vampire Enchanter)          Turns: 2033, Time: 00:05:26

Health: -1/30      AC:  2    Str:  7    XL:     4   Next: 28%
Magic:  1/7        EV: 12    Int: 18    God:
Gold:   59         SH:  0    Dex: 14    Spells: 1/7 levels left

rFire    . . .     SeeInvis +   b - +0 short sword
rCold    + . .     Gourm    .   (no shield)
rNeg     + + .     Faith    .   i - +0 robe
rPois    +         Spirit   .   (no helmet)
rElec    .         Reflect  .   (no cloak)
rCorr    .         Harm     .   (no gloves)
MR       .....                  (no boots)
Stlth    ++++......             (no amulet)
Regen    0.1/turn               h - +3 ring of slaying
MPRegen  0.1/turn               (no ring)

@: regenerating slowly
A: fangs 3, see invisible, unbreathing
a: Bat Form


You were on level 3 of the Dungeon.
You were thirsty.

You visited 1 branch of the dungeon, and saw 3 of its levels.

You collected 59 gold pieces.

Inventory:

Hand Weapons
 a - a +1 dagger
 b - a +0 short sword (weapon)
Armour
 i - a +0 robe (worn)
Jewellery
 h - a +3 ring of slaying (left hand)
Scrolls
 e - 2 scrolls of amnesia {unknown}
 f - a scroll of recharging {unknown}
 g - 3 scrolls of identify {unknown}
 k - a scroll of blinking {unknown}
 l - a scroll of enchant armour {unknown}
 m - 2 scrolls of teleportation {unknown}
 o - a scroll of random uselessness {unknown}
Potions
 d - a potion of flight {unknown}
 j - 2 potions of curing {unknown}
 n - a potion of degeneration {unknown}
 p - 2 potions of haste {unknown}
 q - a potion of blood
Books
 c - a book of Maledictions

   Spells                             Type                      Level
   a - Corona                         Hexes                        1
   b - Ensorcelled Hibernation        Hexes/Ice                    2
   c - Confuse                        Hexes                        3
   d - Tukima's Dance                 Hexes                        3
   e - Dazzling Spray                 Conjuration/Hexes            3


   Skills:
 + Level 3.3 Short Blades
 - Level 2.1 Dodging
 + Level 6.3 Stealth
 - Level 2.0 Spellcasting
 - Level 4.4 Hexes


You had one spell level left.
You knew the following spells:

 Your Spells              Type           Power        Failure   Level  Hunger
a - Corona                Hex            ###....      3%          1    #......
b - Ensorcelled Hibernat  Hex/Ice        #.....       11%         2    ###....
c - Confuse               Hex            ###.....     9%          3    ###....


Dungeon Overview and Level Annotations

Branches:
Dungeon (3/15)

Altars:
Qazlal

Annotations:
D:3 Robin


Innate Abilities, Weirdness & Mutations

You heal slowly.
You have razor-sharp teeth.
You have supernaturally acute eyesight. (SInv)
You can survive without breathing.


Message History

You see here a mace.
You start resting.
There is a stone staircase leading up here.
Things that are here:
a club x2; a hobgoblin corpse You bottle the corpse's blood.
Things that are here:
a club x2; a potion of blood
q - a potion of blood Your magical contamination has completely faded away.
Casting: Ensorcelled Hibernation
Confirm with . or Enter, or press ? or * to list all spells.
Aiming: Ensorcelled Hibernation
Press: ? - help, Shift-Dir - straight line, f/p - ogre
Aim: an ogre, wielding a giant club (chance to defeat MR: 40%)
The ogre resists with some effort.
* * * LOW MAGIC WARNING * * *
The ogre hits you with a giant club!!
Ouch! That really hurt!
You die...

#......O....#.................
#.......#.#.#....####.#...#.#.
#.....)...#.).#### #.#...#.#
##.....######÷# #.#...#.#
#<###.# #.# #†#...#S#
#####.###)# #.## #.#...#.##
#(......#.# #.. #.........
#.###.#.#.# #.# ##...##.##
#.#)#.######@# .#....(#.##
#..).......O.# .......†...
############.# #.#.....#.##
.... ....#.....#
#........#....##..
#.###.#.##.##.##.## #. .# ##
.. #.# #. # ## #.# #. .#


You could see an ogre.

Vanquished Creatures
  2 adders (D:3)
  A dart slug (D:1)
  2 leopard geckos (D:2)
  An orc (D:3)
  9 bats
  2 giant cockroaches (D:1)
  10 goblins
  8 hobgoblins
  6 jackals
  4 frilled lizards
  5 kobolds
  8 rats
58 creatures vanquished.

Notes
Turn   | Place    | Note
-------+----------+-------------------------------------------
     0 | D:1      | Monsterracer the Vampire Enchanter began the quest for the Orb.
     0 | D:1      | Reached XP level 1. HP: 13/13 MP: 3/3
   301 | D:1      | Reached XP level 2. HP: 19/19 MP: 5/5
   309 | D:1      | Reached skill level 5 in Stealth
   511 | D:1      | Learned a level 2 spell: Ensorcelled Hibernation
   771 | D:1      | Reached XP level 3. HP: 24/24 MP: 6/6
  1182 | D:2      | Learned a level 3 spell: Confuse
  1595 | D:2      | Found a stormy altar of Qazlal.
  1822 | D:3      | Noticed Robin
  1823 | D:3      | Reached skill level 6 in Stealth
  1832 | D:3      | Reached XP level 4. HP: 30/30 MP: 7/7
  1970 | D:3      | Noticed an ogre
  2033 | D:3      | Slain by an ogre

Skill      XL: |  1  2  3 |
---------------+----------+-----
Stealth        | 5 6 |  6.3
Short Blades   | 2 3 |  3.3
Dodging        | |  2.1
Spellcasting   | |  2.0
Hexes          | |  4.4

Action                   |  1- 3 |  4- 6 || total
-------------------------+-------+-------++-------
Melee: Dagger            |    25 |       ||    25
       Bite              |     7 |     1 ||     8
       Short sword       |    67 |    19 ||    86
 Cast: Corona            |     6 |       ||     6
       Ensorcelled Hiber |       |     4 ||     4
  Use: Potion            |     3 |       ||     3
 Stab: Sleeping          |    15 |     2 ||    17
Armor: Robe              |    15 |       ||    15
Dodge: Dodged            |    46 |    11 ||    57
